cohdb
Replays
Latest Replays
All Replays
Popular Replays
Top Player Replays
Match Explorer
How It Works
Community
CoH3 Stats
Reddit
Sign in to upload your games and track your stats! →
Sign in with Steam
Match 46466498
Unlisted
Match 46466498
Overview
Messages
Build Orders
End
Panzergrenadier Squad
Selects Italian Infantry
250 Light Carrier
Construct Light Support Kompanie
Selects Defensive Operations
Combat Half-tracks
Fire Support Elements
Assault Grenadier Squad
le.IG 18 Mechanized Group
Pak 38 Anti-tank Gun Team
Selects Guastatori Squad
Guastatori Squad
Advanced Field Repairs
Guastatori Squad
✠KREUZZUG✠
ArT
Gambit
Lyntune
Stormless
Grunka Lunka
0
0
Comments
sign in to comment!
No comments posted yet!